 Dungeon Crawl Stone Soup version 0.32-a0-834-geaf45d8e21 (webtiles) character file.

Game seed: 14313301525315766024

10453 Fodor the Cleaver (level 11, 0/97 HPs)
             Began as a Minotaur Fighter on Mar 25, 2024.
             Was an Initiate of Gozag.
             Slain by an orc warrior
             ... wielding a +0 scimitar
              (8 damage)
             ... on level 2 of the Orcish Mines.
             The game lasted 00:43:41 (10133 turns).

Fodor the Cleaver (Minotaur Fighter)               Turns: 10133, Time: 00:43:42

Health: 0/97       AC: 20    Str: 32    XL:     11   Next: 36%
Magic:  0/19       EV: 11    Int:  3    God:    Gozag
Gold:   2180       SH:  0    Dex: 15    Spells: 10/10 levels left

rFire   + . .        P - +4 battleaxe
rCold   + . .        (shield currently unavailable)
rNeg    . . .        R - +0 chain mail of the Evil One {Rampage rElec}
rPois   .            C - +2 hat
rElec   +            y - +2 cloak
rCorr   .            M - +0 pair of gloves
SInv    .            k - +0 pair of boots
Will    .....        U - amulet of guardian spirit Stlth
                     E - ring of Iri Irahak {rF+ rC+ MP+9 Str+6 Int-2 Stlth+}
HPRegen 0.36/turn    v - +6 ring of dexterity
MPRegen 0.16/turn

%: guardian spirit, rampage
@: studying Translocations
A: horns 2, retaliatory headbutt
a: Renounce Religion, Potion Petition, Call Merchant, Bribe Branch


You were on level 2 of the Orcish Mines.
You worshipped Gozag.
Gozag was most pleased with you.
You visited 3 branches of the dungeon, and saw 13 of its levels.
You also visited: Ossuary and Bailey.

You collected 2532 gold pieces.
You spent 266 gold pieces at shops.
You paid 86 gold pieces to Gozag.

Inventory:

Hand Weapons
 w - a +0 orcbow
 P - a +4 battleaxe (weapon)
Missiles
 O - 27 boomerangs (quivered)
Armour
 k - a +0 pair of boots (worn)
 y - a +2 cloak (worn)
 C - a +2 hat (worn)
 M - a +0 pair of gloves (worn)
 R - the +0 chain mail of the Evil One (worn) {Rampage rElec}
   (You bought it in a shop on level 3 of the Dungeon)

   rElec:     It insulates you from electricity.
   Rampage:   It bestows one free step when moving towards enemies.
 S - a +1 scale mail of poison resistance
Jewellery
 r - a ring of ice
 s - a ring of flight
 v - a +6 ring of dexterity (right hand)
 E - the ring of Iri Irahak (left hand) {rF+ rC+ MP+9 Str+6 Int-2 Stlth+}
   (You found it on level 7 of the Dungeon)

   [ring of magical power]

   Str+6:     It affects your strength (+6).
   Int-2:     It affects your intelligence (-2).
   rF+:       It protects you from fire.
   rC+:       It protects you from cold.
   MP+9:      It affects your magic capacity (+9).
   Stlth+:    It makes you more stealthy.
 U - an amulet of guardian spirit (around neck)
Wands
 u - a wand of acid (13)
 F - a wand of digging (8)
 Q - a wand of flame (29)
 T - a wand of warping (5)
 V - a wand of polymorph (2)
Scrolls
 f - 2 scrolls of poison
 g - a scroll of amnesia
 h - 4 scrolls of teleportation
 l - a scroll of revelation
 m - 2 scrolls of fear
 p - 3 scrolls of blinking
 q - a scroll of torment
 z - a scroll of vulnerability
 A - 3 scrolls of noise
 D - 4 scrolls of summoning
 I - 3 scrolls of silence
 N - a scroll of fog
Potions
 d - 3 potions of might
 e - 2 potions of enlightenment
 i - 5 potions of brilliance
 j - 2 potions of lignification
 n - 2 potions of haste
 o - a potion of ambrosia {unknown}
 t - a potion of mutation
 B - 2 potions of attraction
 G - 2 potions of berserk rage {unknown}
 H - 2 potions of curing
 J - a potion of heal wounds {unknown}
Miscellaneous
 x - a phial of floods


   Skills:
 + Level 9.3 Fighting
 + Level 7.7 Long Blades
 + Level 12.2 Axes
 + Level 0.3 Ranged Weapons
 + Level 10.1 Armour
 + Level 5.8 Dodging
 + Level 1.7 Stealth
 + Level 7.9 Shields


You had 10 spell levels left.
You didn't know any spells.
Your spell library contained the following spells:

 Spells                   Type           Power      Damage    Failure   Level
 Apportation              Tloc           0%         N/A       88%         1
 Magic Dart               Conj           0%         1d3       88%         1
 Necrotise                Necr           0%         1d4       88%         1
 Blink                    Tloc           0%         N/A       95%         2
 Call Imp                 Summ           0%         N/A       95%         2
 Ensorcelled Hibernation  Hex/Ice        0%         N/A       95%         2
 Jinxbite                 Hex            0%         N/A       95%         2
 Passwall                 Erth           0%         N/A       99%         3
 Swiftness                Air            0%         N/A       99%         3
 Volatile Blastmotes      Fire/Tloc      0%         2d10      99%         3
 Passage of Golubria      Tloc           0%         N/A       100%        4
 Alistair's Intoxication  Alch           0%         N/A       100%        5
 Curse of Agony           Necr           0%         N/A       100%        5
 Silence                  Hex/Air        0%         N/A       100%        5
 Yara's Violent Unravell  Hex/Alch       0%         3d3       100%        5
 Bombard                  Conj/Erth      0%         9d1       100%        6
 Death Channel            Necr           0%         N/A       100%        6
 Enfeeble                 Hex            0%         N/A       100%        7
 Lehudib's Crystal Spear  Conj/Erth      0%         10d2      100%        8


Dungeon Overview and Level Annotations

Branches:
Dungeon (10/15)            Temple (1/1) D:5             Orc (2/2) D:10
Ossuary (visited)          Bailey (visited)
   Lair: D:8-11         Elf: Orc:2

Altars:
Ashenzari
Cheibriados
Dithmenos
Elyvilon
Fedhas
Gozag
Hepliaklqana
Kikubaaqudgha
Makhleb
Nemelex Xobeh
Okawaru
Qazlal
Ru
Sif Muna
Trog
Uskayaw
Vehumet
Wu Jian
Xom
Yredelemnul
Zin
The Shining One

Shops:
D:3 [

Annotations:
D:8 1 runed translucent door, Heh's ghost, novice OpAl


Innate Abilities, Weirdness & Mutations

You have a pair of horns on your head.
You reflexively headbutt those who attack you in melee.


Message History

Something hits you but does no damage.
Things that are here:
7 gold pieces; a +0 whip You hear some strange, mumbled words.
A puff of flame appears from out of thin air!
The puff of flame hits you but does no damage.
The obsidian bat is distracted by your dazzling golden aura.
You hear some strange, mumbled words.
You are confused.
Something tries to affect you, but you resist.
Something unseen opens the door.
You feel less confused.
An orc priest comes into view. It is wielding a +0 short sword.
An orc warrior comes into view. It is wielding a +0 scimitar.
A puff of flame appears from out of thin air!
The puff of flame hits something.
You slash the orc priest!
The orc priest is heavily wounded.
You miss something.
You hear some strange, mumbled words.
A magic dart appears from out of thin air!
The magic dart hits you.
* * * LOW HITPOINT WARNING * * *
An orc warrior, an orc knight and 2 orcs come into view.
An orc is wielding a +0 club and wearing a +1 leather armour of cold resistance.
The orc warrior shouts!
The orc shouts! x2; The orc warrior shouts!
You hear a shout! x4
A magic dart appears from out of thin air!
The magic dart hits you but does no damage.
An orc and 2 orc warriors come into view.
The orc shouts!
The orc warrior shouts! x2; You hear a howl!
A troll comes into view.
The orc priest attacks as it pursues you!
The orc priest barely misses you.
The orc moves out of view.
An orc comes into view. It is wielding a +0 dagger.
The orc shouts!
Something hits you but does no damage.
The orc warrior hits you with a +0 scimitar!
You die...
Your body crumbles into a pile of gold.

######## ##..{...###
## ##b$#####o.## ..##
#$$## ##.b# ...# ###
#$## ##.####.###..##
#.# .. #..##...#....#
#.# ß..o#........#..#
#b#
.oo.oo.oo....#...##
#{##
....##..o@....#...#
#oo# ...
#O..#.........# ##O.##
#...####.......#
#.....o.o...........##
......o.o......#...#
.....T.............#
........#.........#
.................##
...#.............#


You could see an orc knight, an obsidian bat, a troll, 4 orc warriors, an ogre,
3 orc priests and 3 orcs.

Vanquished Creatures
  2 two-headed ogres
  Erica (D:10)
  An orc knight (Bailey)
  A cyclops (Orc:1)
  Joseph (D:7)
  A gargoyle (D:10)
  A hornet (D:9)
  2 wraiths
  3 wyverns
  A warg (Orc:2)
  3 vampire mosquitoes (D:10)
  An acid dragon (D:9)
  14 orc warriors
  5 ogres
  5 centaurs
  An elf zombie (Ossuary)
  5 kobold brigands (Bailey)
  5 bullfrogs
  2 gnoll sergeants
  3 scorpions (D:5)
  14 wights
  11 killer bees
  3 howler monkeys (D:10)
  3 bombardier beetles
  2 human zombies (Ossuary)
  4 hounds (D:4)
  2 jellies
  12 orc priests
  Natasha (thrice) (D:3)
  Crazy Yiuf (D:2)
  2 gnoll boudas
  Terence (D:3)
  Jessica (D:2)
  4 iguanas
  A sleepcap (D:6)
  14 orc wizards
  5 mummies
  24 gnolls
  11 adders
  2 shadow imps (D:8)
  4 ufetubi
  An adder zombie (Ossuary)
  2 dart slugs
  A ribbon worm (D:2)
  45 orcs
  13 ball pythons
  5 bats
  8 endoplasms
  6 giant cockroaches
  9 goblins
  9 hobgoblins
  5 jackals
  3 quokkas
  3 frilled lizards
  A goblin zombie (D:7)
  A hobgoblin zombie (D:7)
  2 jackal zombies (Ossuary)
  18 kobolds
  3 orc zombies (Ossuary)
  4 rats
  3 rat zombies (Ossuary)
324 creatures vanquished.

Vanquished Creatures (others)
  A two-headed ogre (D:9)
  A kobold brigand (D:9)
  A gnoll bouda (D:9)
3 creatures vanquished.

Grand Total: 327 creatures vanquished

Notes
Turn   | Place    | Note
-------+----------+-------------------------------------------
     0 | D:1      | Fodor the Minotaur Fighter began the quest for the Orb.
     0 | D:1      | Reached XP level 1. HP: 19/19 MP: 0/0
    31 | D:1      | You fall into a shaft and drop 1 floor!
   156 | D:2      | Noticed Jessica
   160 | D:2      | Killed Jessica
   161 | D:2      | Reached XP level 2. HP: 14/27 MP: 1/1
   161 | D:2      | Reached XP level 3. HP: 18/33 MP: 2/2
   688 | D:2      | Found a runed translucent door.
   689 | D:2      | Noticed Crazy Yiuf
   756 | D:1      | Reached skill level 3 in Axes
   942 | D:1      | Reached XP level 4. HP: 40/40 MP: 3/3
  1227 | D:3      | Noticed Terence
  1233 | D:3      | Killed Terence
  1234 | D:3      | Found Beebbe's Antique Armour Emporium.
  1235 | D:3      | Noticed Natasha
  1256 | D:3      | Killed Natasha
  1257 | D:3      | Reached skill level 4 in Axes
  1257 | D:3      | Reached XP level 5. HP: 6/47 MP: 4/4
  1438 | D:3      | Noticed Natasha
  1457 | D:3      | Killed Natasha
  1458 | D:3      | Reached skill level 1 in Dodging
  1592 | D:3      | Found a sparkling altar of Nemelex Xobeh.
  1593 | D:3      | Noticed Natasha
  1605 | D:3      | Killed Natasha
  1840 | D:4      | Reached XP level 6. HP: 41/53 MP: 5/5
  1909 | D:4      | Reached skill level 5 in Axes
  2029 | D:4      | Reached skill level 5 in Shields
  2033 | D:4      | Reached skill level 5 in Armour
  2033 | D:4      | Reached XP level 7. HP: 18/60 MP: 6/6
  2044 | D:4      | Reached skill level 6 in Axes
  2227 | D:4      | Found a stormy altar of Qazlal.
  2324 | D:4      | Found a glowing golden altar of the Shining One.
  2415 | D:4      | Reached skill level 5 in Fighting
  3095 | D:5      | Entered Level 5 of the Dungeon
  3320 | D:5      | Reached skill level 1 in Long Blades
  3442 | D:5      | Found a staircase to the Ecumenical Temple.
  3449 | Temple   | Entered the Ecumenical Temple
  3468 | Temple   | Became a worshipper of Gozag Ym Sagoz the Greedy
  3525 | D:5      | Reached XP level 8. HP: 62/70 MP: 7/7
  3563 | D:5      | Reached skill level 7 in Axes
  4026 | D:6      | Found an ornate altar of the Wu Jian Council.
  4698 | D:7      | Noticed Joseph
  4711 | D:7      | Killed Joseph
  4712 | D:7      | Reached skill level 5 in Long Blades
  4854 | D:7      | Identified the ring of Iri Irahak {rF+ rC+ MP+9 Str+6 Int-2
                  | Stlth+}
  4939 | D:7      | Found a sand-covered staircase.
  4945 | Ossuary  | Entered an ossuary
  4959 | Ossuary  | Reached XP level 9. HP: 59/78 MP: 8/8
  5823 | D:8      | Identified the ring "Helit" {rF+ rC++ rN+ rCorr Slay-5}
  5981 | D:8      | Found a runed translucent door.
  5982 | D:8      | Found a shimmering altar of Xom.
  5982 | D:8      | Noticed Heh's ghost (novice OpAl)
  5983 | D:8      | Noticed a +2 dagger of chaos
  6172 | D:8      | Found a radiant altar of Vehumet.
  6309 | D:8      | Got the Folio of Unreason
  6368 | D:8      | Identified the +1 leather armour "Samukkif" {rF+ Str+2}
  6523 | D:8      | Reached skill level 1 in Stealth
  6821 | D:2      | Killed Crazy Yiuf
  6892 | D:3      | Bought a spiked chain mail for 266 gold pieces
  6892 | D:3      | Identified the +0 chain mail of the Evil One {Rampage
                  | rElec} (You bought it in a shop on level 3 of the Dungeon)
  7001 | D:9      | Reached skill level 8 in Axes
  7008 | D:9      | Found a hazy altar of Hepliaklqana.
  7205 | D:9      | Reached XP level 10. HP: 77/88 MP: 9/9
  7301 | D:9      | Found a shimmering altar of Xom.
  7301 | D:9      | Noticed a two-headed ogre
  7303 | D:9      | Noticed a two-headed ogre
  7309 | D:9      | Reached skill level 5 in Dodging
  7318 | D:9      | Killed a two-headed ogre
  7319 | D:9      | Reached skill level 9 in Axes
  7322 | D:9      | Killed a two-headed ogre
  7633 | D:9      | Found a glowing silver altar of Zin.
  7946 | D:10     | Entered Level 10 of the Dungeon
  7991 | D:10     | Noticed a two-headed ogre
  8002 | D:10     | Killed a two-headed ogre
  8003 | D:10     | Reached skill level 10 in Axes
  8003 | D:10     | Found a staircase to the Orcish Mines.
  8221 | D:10     | Found a flagged portal.
  8238 | Bailey   | Entered a bailey
  8346 | Bailey   | Noticed an orc knight
  8347 | Bailey   | Found a burning altar of Makhleb.
  8362 | Bailey   | Killed an orc knight
  8363 | Bailey   | Reached skill level 11 in Axes
  8826 | D:10     | Noticed a gargoyle
  8830 | D:10     | Killed a gargoyle
  8856 | D:10     | Noticed Erica
  8865 | D:10     | Killed Erica
  8866 | D:10     | Reached XP level 11. HP: 43/97 MP: 10/10
  9490 | Orc:1    | Entered Level 1 of the Orcish Mines
  9677 | Orc:1    | Reached skill level 10 in Armour
  9878 | Orc:1    | Reached skill level 12 in Axes
 10006 | Orc:2    | Entered Level 2 of the Orcish Mines
 10010 | Orc:2    | Noticed an obsidian bat
 10112 | Orc:2    | HP: 3/97 [orc priest/divine providence (9)]
 10131 | Orc:2    | Noticed an orc knight
 10133 | Orc:2    | Slain by an orc warrior

Illustrated notes

Levels and vault maps discovered:
D:1:      lemuel_arrival_funnel, layout_rooms,
          hangedman_abyss_or_decor_lesser_grid
D:2:      layout_basic, uniq_jessica, uniq_crazy_yiuf_cottage
D:3:      layout_rooms, nemelex_xobeh_ov_fountains_minmay, serial_shops,
          nicolae_shop_dealshenge, uniq_terence, uniq_natasha
D:4:      layout_cave_pods, tso_altar, nicolae_qazlal_general_emergency,
          minmay_manual_mares
D:5:      layout_basic, minmay_temple_entry_trees,
          serial_library_hellmonk_statue_hall, glass_columns_b
D:6:      layout_loops_ring, pdpol_wu_jian_five_deadly_venoms
D:7:      layout_cave_pools, nicolae_ossuary_entry_giza, uniq_joseph
D:8:      layout_basic, mainiacjoe_overflow_24_doors, ebering_ghost_xom
D:9:      layout_long_grid, nicolae_hepliaklqana_hazy_memory,
          xom_confusion_cloud, mainiacjoe_overflow_alcove_1
D:10:     layout_small_grid, david_orc_3, enter_bailey_4, uniq_erica
Temple:   nicolae_temple_great_sept
Orc:1:    layout_diamond_mine
Orc:2:    grunt_orc_community_town_hall, layout_caves,
          grunt_orc_community_big_house_1, grunt_orc_community_big_house_2,
          grunt_orc_community_house_2, grunt_orc_community_house_3,
          grunt_orc_community_house_2, grunt_orc_community_house_2, basic_altar,
          uniq_snorg

Skill      XL: |  1  2  3  4  5  6  7  8  9 10 11 |
---------------+----------------------------------+-----
Fighting       | 4 5 6 7 9 |  9.3
Armour         | 4 5 6 7 8 9 10 | 10.1
Shields        | 4 5 6 7 |  7.9
Axes           | 3 4 5 6 7 8 11 12 | 12.2
Dodging        | 1 2 3 4 5 |  5.8
Long Blades    | 1 5 7 |  7.7
Stealth        | 1 |  1.7
Ranged Weapons | |  0.3

Action                     |  1- 3 |  4- 6 |  7- 9 | 10-12 || total
---------------------------+-------+-------+-------+-------++-------
  Melee: War axe           |    60 |   106 |    88 |   151 ||   405
         Headbutt          |     6 |    17 |    48 |    37 ||   108
         Long sword        |       |       |   157 |       ||   157
         Battleaxe         |       |       |       |    61 ||    61
   Fire: Orcbow            |       |       |       |     6 ||     6
    Use: Potion            |       |     2 |       |     4 ||     6
         Scroll            |       |       |    16 |     7 ||    23
   Stab: Distracted        |       |       |     1 |     1 ||     2
 Armour: Scale mail        |    48 |    10 |       |       ||    58
         Chain mail        |       |   169 |   264 |   236 ||   669
  Dodge: Dodged            |    29 |    63 |   134 |   140 ||   366
  Block: Buckler           |    13 |    47 |    99 |    56 ||   215

Table legend: (Time is in decaauts)
 A = Elapsed time spent in this place.
 B = Non-inter-level travel time spent in this place.
 C = Inter-level travel time spent in this place.
 D = Time resting spent in this place.
 E = Time spent auto-exploring this place.
 F = Levels seen in this place.
 G = Mean time per level.
                   A        B        C        D        E       F      G
               +--------+--------+--------+--------+--------+-----+--------+
         Total |  10267 |   9978 |    289 |    691 |   5695 |  15 |  684.5 |
       Dungeon |   8927 |   8638 |    289 |    691 |   5061 |  10 |  892.7 |
        Temple |     37 |     37 |      0 |      0 |      0 |   1 |   37.0 |
  Orcish Mines |    634 |    634 |      0 |      0 |    346 |   2 |  317.0 |
       Ossuary |    245 |    245 |      0 |      0 |     42 |   1 |  245.0 |
        Bailey |    421 |    421 |      0 |      0 |    246 |   1 |  421.0 |
               +--------+--------+--------+--------+--------+-----+--------+

Top non-repeatable levels by time:
     D:4: 1340 daAuts
    D:10: 1133 daAuts
     D:9: 961 daAuts
     D:8: 919 daAuts
     D:7: 892 daAuts
     D:5: 872 daAuts
     D:2: 853 daAuts
     D:6: 753 daAuts
     D:3: 690 daAuts
   Orc:1: 522 daAuts
     D:1: 512 daAuts
  Bailey: 421 daAuts
 Ossuary: 245 daAuts
   Orc:2: 111 daAuts
  Temple: 37 daAuts
